Map: [ESL] Data-C

Players

Maru - Winner!

  • Race: Terran Terran
  • League: Master
  • Spawn Location: 9:00

Solar

  • Race: Zerg Zerg
  • League: Grandmaster
  • Spawn Location: 3:00

VOD

Have the link to the VOD?

Description

Time

  • Played on: Nov. 5, 2022, 8:03 a.m.
  • Length: 14:55
Show
View Real Time Build Order
Export as new Build Order

Maru Terran - Winner!

Build Orders: Reaper Expand 

Get SALT Encoding   

  12  0:00  SCV  
  13  0:12  SCV  
  14  0:17  Supply Depot  
  14  0:24  SCV  
  15  0:38  SCV  
  15  0:40  Barracks  
  16  0:43  Refinery  
  16  0:50  SCV  
  17  1:03  SCV  
  18  1:15  SCV  
  19  1:27  Reaper, Orbital Command  
  20  1:40  Command Center  
  20  1:49  Supply Depot  
  20  1:52  SCV  
  21  1:59  Marine  
  22  2:04  SCV  
  23  2:13  Factory  
  23  2:18  SCV  
  23  2:21  Barracks Reactor  
  24  2:30  SCV  
  25  2:42  SCV  
  25  2:44  Command Center  
  26  2:53  Orbital Command  
  26  2:54  SCV  
  27  3:01  Starport  
  27  3:06  SCV  
  27  3:10  Refinery  
  28  3:18  Hellion x2  
  28  3:19  SCV  
  33  3:21  SCV  
  34  3:31  SCV, Refinery  
  34  3:33  SCV  
  36  3:38  Viking  
  38  3:43  SCV  
  38  3:45  Hellion x2, SCV  
  44  3:55  SCV, Orbital Command  
  45  3:57  SCV  
  45  4:01  Fusion Core  
  46  4:03  Barracks Tech Lab  
  46  4:07  SCV  
  48  4:10  SCV  
  48  4:12  Supply Depot  
  48  4:17  Hellion  
  50  4:18  Hellion  
  50  4:19  SCV  
  50  4:21  SCV  
  50  4:22  SCV  
  55  4:30  Orbital Command  
  55  4:32  SCV  
  55  4:35  Barracks Tech Lab  
  55  4:37  Supply Depot, SCV  
  57  4:42  Hellion x2  
  57  4:44  SCV  
  62  4:49  Battlecruiser  
  68  4:56  Stimpack, Marine  
  68  4:58  SCV  
  68  4:59  SCV  
  71  5:01  Supply Depot  
  71  5:06  Hellion x2  
  75  5:11  SCV  
  75  5:12  Engineering Bay, SCV  
  75  5:13  Engineering Bay  
  77  5:17  Supply Depot  
  77  5:23  SCV x2  
  77  5:24  Supply Depot, SCV  
  80  5:34  Barracks  
  80  5:35  SCV  
  81  5:36  SCV x2, Barracks  
  81  5:38  Factory Reactor  
  81  5:41  Marine  
  84  5:43  Terran Infantry Armor Level 1, Terran Infantry Weapons Level 1  
  84  5:47  SCV  
  84  5:48  SCV  
  86  5:55  SCV  
  87  5:58  Barracks  
  87  5:59  Barracks, SCV  
  87  6:00  SCV  
  87  6:01  Marine  
  88  6:07  SCV  
  85  6:11  SCV  
  85  6:12  SCV  
  84  6:19  Marine  
  84  6:20  SCV  
  84  6:21  Barracks x2  
  84  6:23  SCV  
  84  6:24  Barracks, SCV  
  88  6:32  Supply Depot x2, SCV  
  87  6:33  Siege Tank, Starport Reactor  
  87  6:36  SCV, Marine x2  
  87  6:37  Marine  
  87  6:38  Marine  
  87  6:39  Combat Shield  
  95  6:43  SCV  
  95  6:44  Refinery, Armory, SCV  
  97  6:48  Barracks Reactor x2, SCV  
  97  6:53  Supply Depot  
  98  6:54  Marine  
  98  6:56  SCV x2  
  98  7:01  Supply Depot, Marine x2  
  102  7:04  Supply Depot, Marine x2  
  108  7:09  Barracks Reactor, Siege Tank  
  108  7:10  Barracks Reactor  
  108  7:11  Barracks Reactor  
  108  7:12  Marine  
  108  7:13  SCV  
  108  7:14  Refinery  
  110  7:16  Medivac  
  110  7:19  Marine x2  
  110  7:20  Supply Depot  
  110  7:21  Marine  
  110  7:22  Marine  
  116  7:26  Marine x4  
  116  7:27  Medivac  
  122  7:30  Marine  
  122  7:36  Marine x2  
  124  7:39  Marine x2  
  124  7:40  Command Center  
  124  7:41  Siege Tank  
  124  7:44  Marine x3  
  130  7:46  Supply Depot, Marine x3  
  130  7:47  Refinery  
  130  7:49  Medivac  
  130  7:50  Marine x2  
  140  7:57  Marine x2  
  140  7:58  Marine  
  143  8:01  Terran Infantry Weapons Level 2  
  143  8:04  Marine x5  
  148  8:10  Supply Depot  
  148  8:14  Marine x7  
  153  8:20  Siege Tank  
  153  8:25  Marine x2  
  153  8:26  Marine  
  130  8:31  Marine x5  
  130  8:32  Medivac x2  
  133  8:36  Marine x3  
  133  8:37  Marine  
  133  8:38  SCV  
  133  8:41  Terran Infantry Armor Level 2  
  137  8:46  Marine x2  
  137  8:47  Marine  
  134  8:52  Terran Vehicle Weapons Level 1, Siege Tank, Marine x6  
  134  8:54  SCV  
  134  8:55  SCV  
  145  9:00  SCV  
  146  9:03  Marine  
  146  9:04  Marine x5  
  146  9:06  SCV, Medivac  
  155  9:13  Medivac  
  155  9:14  Marine  
  158  9:21  Planetary Fortress  
  158  9:22  Marine  
  162  9:24  Siege Tank  
  162  9:26  Supply Depot  
  162  9:27  Marine  
  162  9:28  Marine x2  
  165  9:31  Marine  
  165  9:32  Marine x5  
  165  9:36  Medivac  
  173  9:44  Marine  
  173  9:45  Marine x5  
  179  9:54  Marine  
  179  9:55  Command Center  
  179  9:56  Supply Depot, Siege Tank  
  178  10:03  Marine x4  
  178  10:04  Marine  
  178  10:05  Marine x3  
  163  10:12  Factory  
  163  10:17  Marine  
  162  10:21  Marine x3  
  162  10:22  Marine x2  
  162  10:28  Siege Tank  
  168  10:30  Terran Infantry Weapons Level 3  
  168  10:34  Marine x9  
  168  10:35  Medivac x2, Marine  
  181  10:39  Marine x5  
  177  10:47  SCV x2  
  177  10:49  SCV  
  164  10:51  Marine  
  164  10:52  Marine x6  
  163  10:57  SCV  
  163  10:59  SCV  
  163  11:00  Terran Infantry Armor Level 3, SCV, Siege Tank  
  163  11:03  SCV  
  170  11:05  Factory Tech Lab  
  170  11:09  SCV  
  171  11:13  Marine  
  171  11:14  Marine  
  171  11:17  Medivac x2  
  177  11:22  Terran Vehicle Weapons Level 2  
  177  11:23  Marine  
  177  11:24  Marine x5  
  183  11:28  Marine x2  
  183  11:30  Marine x2  
  183  11:31  Marine  
  183  11:32  Siege Tank  
  191  11:35  Marine  
  191  11:36  Siege Tank, Marine  
  191  11:44  Marine  
  178  11:50  SCV x3  
  178  11:51  SCV  
  178  11:53  Marine  
  168  11:55  Marine x3  
  168  11:59  Marine  
  172  12:02  SCV x2  
  172  12:03  SCV x2, Marine x4  
  172  12:04  Siege Tank  
  172  12:07  Marine x4  
  187  12:09  Siege Tank  
  187  12:14  SCV  
  187  12:15  SCV  
  192  12:17  Marine x2  
  194  12:25  Marine  
  194  12:26  Marine  
  172  12:30  Marine  
  172  12:31  Marine x3  
  172  12:32  Marine  
  172  12:33  Marine x5  
  172  12:34  Marine  
  172  12:36  Siege Tank  
  158  12:38  Marine x2  
  158  12:41  Siege Tank  
  158  12:43  Marine  
  133  12:44  Marine  
  133  12:48  Marine x4  
  133  12:50  Liberator x2, Marine  
  133  12:51  Marine x4  
  146  12:53  Marine  
  146  12:54  Orbital Command  
  150  12:59  Marine x2  
  150  13:00  Marine  
  150  13:01  Marine  
  150  13:02  Marine  
  155  13:06  Marine x3  
  155  13:10  Siege Tank, Marine  
  155  13:11  Marine x3  
  165  13:14  Marine  
  165  13:17  Marine x2  
  168  13:25  Marine  
  160  13:33  Medivac x2  
  130  13:35  Marine  
  130  13:39  Marine  
  126  13:43  Marine  
  126  13:44  Marine x10  
  126  13:47  Orbital Command, Siege Tank, Marine x2  
  139  13:52  Siege Tank, Marine  
  143  13:56  Marine  
  143  14:01  Marine x5  
  143  14:02  Medivac, Marine x5  
  153  14:03  Medivac  
  153  14:05  Marine  
  153  14:09  Marine  
  159  14:10  Marine  
  159  14:13  Marine  
  159  14:14  Marine  
  159  14:16  SCV  
  163  14:19  Marine x6  
  169  14:26  Marine x4  
  169  14:27  Marine  
  169  14:30  Marine x2  
  157  14:31  Marine  
  157  14:32  Marine  
  157  14:34  SCV  
  150  14:37  Marine x5  
Show
View Real Time Build Order
Export as new Build Order

Solar Zerg 

Build Orders: Hatch First 

Get SALT Encoding   

  12  0:00  Drone  
  13  0:11  Overlord  
  13  0:16  Drone  
  14  0:30  Drone x2  
  16  0:47  Hatchery  
  15  0:51  Drone  
  15  0:55  Drone  
  17  0:59  Drone  
  18  1:09  Extractor  
  17  1:14  Spawning Pool  
  17  1:17  Drone  
  17  1:20  Drone  
  18  1:27  Drone  
  19  1:40  Drone  
  20  1:48  Drone  
  21  2:02  Zergling x2, Queen x2  
  21  2:07  Overlord  
  26  2:10  Zergling x2  
  26  2:12  Drone  
  28  2:26  Drone x2  
  30  2:36  Drone, Hatchery  
  30  2:38  Queen  
  30  2:43  Overlord  
  32  2:47  Metabolic Boost  
  32  2:50  Drone  
  33  2:52  Drone  
  33  2:56  Drone  
  33  2:57  Drone  
  36  3:05  Drone x2  
  38  3:12  Drone x3  
  41  3:15  Queen  
  41  3:19  Overlord  
  43  3:21  Drone  
  44  3:30  Overlord  
  44  3:36  Queen  
  44  3:38  Drone x2  
  48  3:42  Drone x3  
  48  3:47  Drone  
  48  3:48  Drone x3  
  55  3:52  Queen  
  55  3:53  Drone  
  58  3:56  Queen  
  58  3:59  Overlord  
  58  4:02  Zergling x2  
  61  4:03  Zergling x2  
  61  4:05  Drone  
  61  4:07  Overlord  
  63  4:10  Drone x2  
  63  4:15  Drone  
  66  4:17  Overlord  
  66  4:18  Queen  
  66  4:21  Drone x3  
  66  4:22  Drone  
  72  4:25  Overlord  
  72  4:27  Drone  
  72  4:28  Drone  
  74  4:32  Spore Crawler, Drone  
  74  4:33  Overlord  
  74  4:36  Queen  
  76  4:41  Zergling x6  
  76  4:42  Spore Crawler  
  76  4:44  Overlord  
  78  4:46  Drone x2  
  78  4:48  Drone x2  
  78  4:51  Extractor  
  81  4:53  Drone  
  81  4:55  Evolution Chamber  
  81  4:56  Evolution Chamber  
  81  4:57  Drone x3  
  84  5:00  Drone  
  84  5:03  Drone  
  84  5:04  Drone x2  
  84  5:05  Drone x2  
  84  5:06  Drone x2  
  84  5:07  Drone  
  91  5:10  Zergling x2  
  92  5:17  Extractor  
  91  5:22  Drone  
  91  5:23  Overlord  
  91  5:25  Zerg Ground Armor Level 1, Hatchery, Zerg Melee Weapons Level 1  
  91  5:26  Extractor  
  91  5:28  Zergling x4  
  92  5:30  Drone x2  
  92  5:31  Extractor  
  92  5:32  Drone x2  
  95  5:39  Overlord  
  95  5:40  Lair  
  95  5:41  Drone  
  95  5:42  Drone x2  
  98  5:48  Drone  
  98  5:49  Zergling x10  
  104  5:50  Baneling Nest  
  104  5:56  Zergling x6  
  106  5:59  Queen x2  
  107  6:06  Zergling x2  
  107  6:07  Zergling x2, Evolution Chamber  
  107  6:08  Zergling x2  
  107  6:09  Zergling x2  
  96  6:14  Zergling x2  
  96  6:15  Zergling x8  
  100  6:23  Zergling x10  
  102  6:27  Zergling x2  
  102  6:33  Drone  
  102  6:34  Drone  
  102  6:35  Drone  
  102  6:38  Drone  
  108  6:42  Drone  
  108  6:45  Drone x2  
  111  6:47  Overlord  
  111  6:53  Centrifugal Hooks  
  111  6:54  Drone  
  111  6:55  Drone  
  111  6:59  Drone  
  112  7:03  Overlord  
  112  7:05  Baneling x12  
  112  7:06  Zergling x10, Baneling  
  117  7:09  Zergling x2, Hatchery  
  117  7:12  Hydralisk Den, Extractor  
  117  7:14  Drone  
  116  7:18  Overlord  
  116  7:20  Zergling x2  
  116  7:21  Zergling x8, Zerg Melee Weapons Level 2, Zerg Ground Armor Level 2  
  121  7:27  Drone x4  
  123  7:31  Overlord  
  123  7:32  Drone  
  123  7:35  Drone x4, Pneumatized Carapace  
  123  7:36  Overseer  
  127  7:37  Drone  
  127  7:38  Drone x2  
  127  7:41  Overlord  
  127  7:42  Hydralisk x2  
  134  7:45  Grooved Spines  
  134  7:47  Drone x2  
  137  7:51  Zergling x10  
  137  7:57  Zergling x6  
  144  8:01  Hydralisk x2  
  144  8:04  Hatchery  
  147  8:06  Zergling x10  
  147  8:07  Baneling x6  
  147  8:10  Zergling x4  
  154  8:14  Hydralisk  
  149  8:21  Hydralisk x5  
  149  8:24  Zergling x8  
  137  8:29  Zergling x4  
  137  8:31  Baneling x6  
  137  8:32  Zergling x6  
  136  8:34  Zergling x4  
  136  8:36  Hydralisk x3  
  140  8:41  Zergling x6  
  140  8:44  Hydralisk x2  
  140  8:46  Zergling x8  
  140  8:47  Baneling x2  
  141  8:51  Zergling x10  
  141  8:54  Zergling x4  
  141  8:55  Baneling  
  148  8:56  Muscular Augments  
  148  8:57  Zergling x2  
  148  9:02  Zergling x4  
  151  9:04  Baneling x7  
  151  9:07  Zergling x10  
  156  9:12  Zergling x6  
  156  9:14  Overlord  
  156  9:15  Hydralisk x2  
  156  9:16  Zergling x4  
  165  9:20  Zergling x8  
  165  9:23  Zergling x6  
  172  9:28  Overlord  
  172  9:29  Overlord  
  171  9:33  Zergling x14  
  171  9:35  Baneling x7  
  171  9:36  Baneling x6  
  171  9:38  Zergling x4  
  179  9:39  Overlord  
  179  9:43  Overlord  
  179  9:47  Zergling x16  
  179  9:52  Zergling x8  
  184  10:00  Zergling x14  
  184  10:04  Zergling x2  
  184  10:05  Zergling x10  
  169  10:08  Zergling x2  
  169  10:11  Baneling x10  
  169  10:12  Zergling x6  
  173  10:16  Zergling x10  
  175  10:21  Zergling x8  
  175  10:27  Hydralisk x2  
  180  10:30  Zergling x8, Queen  
  180  10:34  Zergling x4  
  180  10:35  Zergling x2  
  187  10:36  Queen  
  187  10:40  Zergling x12  
  187  10:42  Baneling x3  
  191  10:43  Zergling x10  
  191  10:47  Hydralisk x2  
  196  10:55  Zergling x8  
  178  11:00  Zergling x12  
  181  11:04  Baneling x16  
  181  11:09  Zergling x14  
  188  11:12  Zergling x10  
  188  11:14  Zergling x2  
  194  11:20  Zergling x4  
  194  11:24  Zergling x6  
  199  11:31  Zerg Missile Weapons Level 1  
  199  11:33  Infestation Pit  
  199  11:35  Zergling x2  
  199  11:38  Zergling x16  
  195  11:41  Hydralisk  
  195  11:42  Hydralisk  
  195  11:43  Zergling x8  
  197  11:47  Zergling x4  
  197  11:53  Zergling x6  
  194  11:56  Baneling x5, Overseer  
  194  11:58  Zergling x10  
  197  12:02  Zergling x4  
  197  12:06  Baneling x10  
  197  12:10  Zergling x4  
  197  12:12  Baneling x2  
  197  12:14  Hive  
  199  12:17  Zergling x2  
  199  12:20  Baneling x10  
  199  12:21  Zergling x4  
  175  12:31  Zergling x32  
  159  12:38  Zergling x20  
  159  12:40  Hydralisk  
  156  12:46  Zergling x10  
  156  12:49  Zergling x4  
  163  12:51  Zergling x4  
  163  12:53  Zergling x6  
  163  12:55  Hatchery, Extractor  
  163  12:58  Zergling x4  
  168  12:59  Baneling x29  
  168  13:03  Zergling x6  
  171  13:07  Zergling x2  
  171  13:08  Zergling x6  
  171  13:11  Zergling x8  
  178  13:15  Zergling x10  
  183  13:20  Zergling x2  
  183  13:21  Zergling x14, Spore Crawler  
  183  13:25  Zergling x2  
  183  13:26  Zergling x10  
  171  13:30  Zergling x2  
  171  13:33  Hydralisk  
  152  13:34  Zergling x6  
  152  13:36  Zergling x2  
  152  13:37  Zergling x8  
  148  13:43  Viper x2  
  148  13:45  Zergling x6  
  148  13:48  Baneling x2  
  153  13:49  Drone x6  
  153  13:50  Drone  
  153  13:53  Baneling x3  
  153  13:55  Zergling x8  
  164  13:57  Baneling x2  
  164  14:01  Baneling  
  164  14:02  Baneling x4  
  162  14:04  Zergling x12  
  162  14:06  Zergling x4  
  169  14:11  Baneling x4  
  169  14:12  Zergling x10  
  169  14:17  Zergling x6  
  177  14:19  Baneling x7  
  172  14:24  Zergling x14  
  172  14:30  Hydralisk  
  172  14:31  Hydralisk x2  
  148  14:33  Zergling x10  
  148  14:35  Zergling x4  
Tags
 
Add a new tag
Caveats
  • Supply blocks, unpowered buildings, or Contaminate may cause inaccurate times.
  • Supply counts are checked every 10 seconds.